[ AOE2 MATCH · #504909213 ]
UnrankedCelts vs Koreans
Player's team · LOSS
Rival team · WIN
[ REPLAY ANALYSIS · EXTRACTED FROM THE RECORDED GAME ]
Feudal
10:59
Castle
23:51
Imperial
—
| APM avg | 40.7 |
| APM peak | 69 |
| eAPM avg | 13.4 |
| Villagers / military | 53 / 26 |
Focus
⚔️ 18.3% · 🌾 81.7%
Archer ×19 · Militia ×4 · Mangonel ×3
Feudal
13:20
Castle
20:35
Imperial
—
| APM avg | 47.4 |
| APM peak | 80 |
| eAPM avg | 22.3 |
| Villagers / military | 84 / 46 |
Focus
⚔️ 29.6% · 🌾 70.4%
Archer ×38 · Militia ×4 · Iron Pagoda ×4
Match map
Initial resources + every placement click. Lines = walls · curves = elevation contours. ◆ gold · ⬟ stone · ● berries · ✦ relic · ◌ wall gap
Your base· ✓ Closed at 23:51 · 31t walls · 1 gate(s)
xlalox corona's base· ✓ Closed at 20:35 · 22t walls · no gate
Smoothed initial terrain · ◌ = detected wall gap · hover for details
Inputs per minute
— theanswer5 - - xlalox corona
Build order — theanswer5
First 150 of 158 actions detected
| 0:02 | Queue | Villager (Male) |
| 0:03 | Queue | Villager (Male) |
| 0:03 | Queue | Villager (Male) |
| 0:06 | Build | House |
| 0:07 | Build | House |
| 1:08 | Queue | Villager (Male) |
| 1:27 | Queue | Villager (Male) |
| 1:28 | Queue | Villager (Male) |
| 1:58 | Queue | Villager (Male) |
| 2:25 | Queue | Villager (Male) |
| 2:26 | Queue | Villager (Male) |
| 2:33 | Build | Lumber Camp |
| 2:48 | Queue | Villager (Male) |
| 3:25 | Queue | Villager (Male) |
| 3:25 | Queue | Villager (Male) |
| 3:27 | Build | House |
| 3:41 | Queue | Villager (Male) |
| 4:12 | Queue | Villager (Male) |
| 4:30 | Queue | Villager (Male) |
| 5:07 | Research | Loom |
| 5:12 | Build | Mill |
| 5:24 | Queue | Villager (Male) |
| 6:03 | Queue | Villager (Male) |
| 6:04 | Queue | Villager (Male) |
| 6:15 | Build | Barracks |
| 6:32 | Queue | Villager (Male) |
| 6:48 | Build | House |
| 7:03 | Queue | Villager (Male) |
| 7:16 | Build | House |
| 7:38 | Queue | Villager (Male) |
| 7:49 | Build | Mining Camp |
| 7:53 | Build | Palisade Wall |
| 8:49 | Research | Feudal Age |
| 8:49 | Research | Feudal Age |
| 9:00 | Build | House |
| 9:15 | Queue | Militia |
| 9:15 | Queue | Militia |
| 9:15 | Queue | Militia |
| 10:25 | Build | Mill |
| 10:59 | Age | Feudal Age |
| 11:04 | Queue | Villager (Male) |
| 11:04 | Queue | Villager (Male) |
| 11:08 | Build | Farm |
| 11:19 | Build | Farm |
| 11:19 | Build | Farm |
| 11:23 | Research | Man-at-Arms (upgrade) |
| 11:47 | Queue | Militia |
| 11:53 | Build | Farm |
| 11:55 | Queue | Villager (Male) |
| 11:55 | Queue | Villager (Male) |
| 12:17 | Build | Palisade Wall |
| 12:20 | Build | Palisade Wall |
| 12:22 | Build | Palisade Wall |
| 12:48 | Queue | Villager (Male) |
| 12:48 | Queue | Villager (Male) |
| 13:08 | Research | Double-Bit Axe |
| 13:08 | Research | Double-Bit Axe |
| 13:30 | Queue | Villager (Male) |
| 13:54 | Build | Farm |
| 14:00 | Build | Archery Range |
| 14:04 | Queue | Villager (Male) |
| 14:36 | Queue | Villager (Male) |
| 14:37 | Queue | Villager (Male) |
| 14:49 | Build | House |
| 14:51 | Build | House |
| 14:53 | Build | House |
| 14:55 | Build | Palisade Wall |
| 14:57 | Build | Palisade Wall |
| 15:03 | Queue | Archer |
| 15:03 | Queue | Archer |
| 15:18 | Queue | Villager (Male) |
| 15:37 | Queue | Villager (Male) |
| 15:49 | Build | Blacksmith |
| 15:54 | Queue | Villager (Male) |
| 16:04 | Build | Lumber Camp |
| 16:20 | Research | Fletching |
| 16:23 | Build | Farm |
| 16:24 | Build | Farm |
| 16:45 | Queue | Villager (Male) |
| 16:45 | Queue | Villager (Male) |
| 16:56 | Queue | Archer |
| 16:56 | Queue | Archer |
| 17:04 | Build | House |
| 17:07 | Build | Palisade Wall |
| 17:15 | Queue | Villager (Male) |
| 17:50 | Queue | Archer |
| 17:54 | Build | House |
| 17:59 | Queue | Villager (Male) |
| 18:07 | Build | Archery Range |
| 18:13 | Research | Padded Archer Armor |
| 18:14 | Queue | Villager (Male) |
| 18:20 | Build | Palisade Wall |
| 18:22 | Build | Palisade Wall |
| 18:32 | Queue | Archer |
| 18:35 | Build | Farm |
| 18:36 | Build | Farm |
| 18:37 | Build | Farm |
| 18:42 | Queue | Villager (Male) |
| 19:03 | Queue | Archer |
| 19:04 | Queue | Archer |
| 19:19 | Queue | Villager (Male) |
| 19:23 | Build | Palisade Wall |
| 19:26 | Build | Palisade Wall |
| 19:35 | Build | Palisade Gate |
| 19:46 | Queue | Villager (Male) |
| 19:46 | Queue | Villager (Male) |
| 19:49 | Build | Farm |
| 19:51 | Build | Farm |
| 19:58 | Build | Farm |
| 20:07 | Queue | Archer |
| 20:09 | Queue | Archer |
| 20:16 | Build | Farm |
| 20:22 | Build | Farm |
| 20:23 | Build | Farm |
| 20:43 | Build | Farm |
| 20:52 | Build | Farm |
| 21:11 | Research | Castle Age |
| 21:45 | Research | Horse Collar |
| 21:45 | Research | Horse Collar |
| 21:46 | Queue | Archer |
| 21:47 | Queue | Archer |
| 22:08 | Build | Watch Tower |
| 22:15 | Research | Gold Mining |
| 22:15 | Research | Gold Mining |
| 22:27 | Queue | Archer |
| 22:29 | Queue | Archer |
| 22:29 | Queue | Archer |
| 23:22 | Build | Market |
| 23:51 | Age | Castle Age |
| 23:56 | Research | Crossbowman (upgrade) |
| 23:58 | Research | Bodkin Arrow |
| 24:05 | Build | University |
| 24:06 | Queue | Villager (Male) |
| 24:07 | Queue | Villager (Male) |
| 24:11 | Queue | Archer |
| 24:11 | Queue | Archer |
| 24:26 | Build | Siege Workshop |
| 24:35 | Queue | Archer |
| 24:35 | Queue | Archer |
| 25:23 | Queue | Mangonel |
| 25:24 | Queue | Mangonel |
| 25:27 | Queue | Villager (Male) |
| 25:27 | Queue | Villager (Male) |
| 25:28 | Queue | Villager (Male) |
| 25:28 | Queue | Villager (Male) |
| 26:02 | Queue | Mangonel |
| 26:23 | Build | House |
| 26:23 | Build | House |
| 26:24 | Build | House |
| 26:42 | Research | Bow Saw |
Build order — xlalox corona
First 150 of 206 actions detected
| 0:00 | Queue | Villager (Male) |
| 0:02 | Build | House |
| 0:03 | Build | House |
| 0:04 | Queue | Villager (Male) |
| 0:23 | Queue | Villager (Male) |
| 0:24 | Queue | Villager (Male) |
| 0:24 | Queue | Villager (Male) |
| 1:19 | Queue | Villager (Male) |
| 1:53 | Build | Lumber Camp |
| 1:56 | Queue | Villager (Male) |
| 2:28 | Queue | Villager (Male) |
| 2:28 | Queue | Villager (Male) |
| 2:36 | Queue | Villager (Male) |
| 3:13 | Queue | Villager (Male) |
| 3:13 | Queue | Villager (Male) |
| 3:38 | Queue | Villager (Male) |
| 4:04 | Queue | Villager (Male) |
| 4:05 | Queue | Villager (Male) |
| 4:16 | Build | House |
| 4:33 | Queue | Villager (Male) |
| 4:42 | Queue | Villager (Male) |
| 5:16 | Queue | Villager (Male) |
| 5:16 | Queue | Villager (Male) |
| 5:21 | Build | Barracks |
| 5:39 | Queue | Villager (Male) |
| 5:39 | Queue | Villager (Male) |
| 5:46 | Build | Palisade Wall |
| 5:50 | Queue | Villager (Male) |
| 6:22 | Queue | Militia |
| 6:22 | Queue | Militia |
| 6:26 | Queue | Villager (Male) |
| 6:40 | Build | House |
| 6:52 | Build | Palisade Wall |
| 6:56 | Queue | Villager (Male) |
| 6:58 | Build | House |
| 7:07 | Queue | Militia |
| 7:17 | Queue | Villager (Male) |
| 7:22 | Queue | Villager (Male) |
| 7:38 | Queue | Villager (Male) |
| 7:49 | Queue | Militia |
| 8:04 | Build | Mill |
| 8:06 | Queue | Villager (Male) |
| 8:20 | Queue | Villager (Male) |
| 8:32 | Build | House |
| 8:37 | Queue | Villager (Male) |
| 9:27 | Queue | Villager (Male) |
| 9:30 | Build | House |
| 9:44 | Queue | Villager (Male) |
| 9:50 | Queue | Villager (Male) |
| 9:52 | Build | Farm |
| 9:56 | Queue | Villager (Male) |
| 9:58 | Build | Mill |
| 10:11 | Build | Farm |
| 10:13 | Queue | Villager (Male) |
| 10:31 | Queue | Villager (Male) |
| 10:41 | Queue | Villager (Male) |
| 10:54 | Queue | Villager (Male) |
| 10:55 | Build | Farm |
| 11:05 | Research | Feudal Age |
| 11:07 | Queue | Villager (Male) |
| 11:11 | Build | Palisade Wall |
| 11:18 | Queue | Villager (Male) |
| 11:33 | Queue | Villager (Male) |
| 11:54 | Queue | Villager (Male) |
| 12:05 | Build | Mining Camp |
| 12:12 | Queue | Villager (Male) |
| 12:48 | Research | Loom |
| 13:04 | Queue | Villager (Male) |
| 13:15 | Build | Lumber Camp |
| 13:20 | Age | Feudal Age |
| 13:23 | Build | Palisade Wall |
| 13:26 | Build | Palisade Wall |
| 13:31 | Research | Man-at-Arms (upgrade) |
| 13:33 | Queue | Villager (Male) |
| 13:38 | Build | House |
| 13:45 | Queue | Villager (Male) |
| 13:55 | Build | House |
| 14:01 | Queue | Villager (Male) |
| 14:04 | Build | Palisade Wall |
| 14:05 | Build | Palisade Wall |
| 14:09 | Build | Palisade Wall |
| 14:13 | Queue | Villager (Male) |
| 14:20 | Queue | Villager (Male) |
| 14:32 | Queue | Villager (Male) |
| 14:38 | Queue | Villager (Male) |
| 14:42 | Build | Barracks |
| 14:46 | Queue | Villager (Male) |
| 15:02 | Queue | Villager (Male) |
| 15:14 | Queue | Villager (Male) |
| 15:30 | Queue | Villager (Male) |
| 15:35 | Queue | Villager (Male) |
| 15:36 | Build | Blacksmith |
| 15:41 | Build | Archery Range |
| 15:46 | Queue | Villager (Male) |
| 15:49 | Build | Palisade Wall |
| 15:56 | Queue | Villager (Male) |
| 16:00 | Research | Double-Bit Axe |
| 16:09 | Queue | Villager (Male) |
| 16:33 | Queue | Archer |
| 16:43 | Queue | Villager (Male) |
| 16:45 | Queue | Archer |
| 16:50 | Build | Farm |
| 16:53 | Build | Farm |
| 17:52 | Build | Farm |
| 17:53 | Build | Farm |
| 17:55 | Research | Castle Age |
| 18:03 | Build | Farm |
| 18:05 | Build | Farm |
| 18:08 | Build | Farm |
| 18:11 | Queue | Archer |
| 18:32 | Queue | Villager (Male) |
| 18:34 | Queue | Archer |
| 18:42 | Build | Archery Range |
| 18:46 | Build | Archery Range |
| 18:54 | Research | Fletching |
| 18:54 | Research | Fletching |
| 19:04 | Queue | Archer |
| 19:05 | Queue | Archer |
| 19:14 | Build | Farm |
| 19:18 | Queue | Villager (Male) |
| 19:22 | Queue | Archer |
| 19:25 | Build | Farm |
| 19:28 | Build | Farm |
| 19:38 | Queue | Villager (Male) |
| 19:42 | Queue | Archer |
| 19:42 | Queue | Archer |
| 19:44 | Build | Farm |
| 19:53 | Research | Horse Collar |
| 20:28 | Build | Farm |
| 20:29 | Build | Farm |
| 20:35 | Age | Castle Age |
| 20:37 | Research | Crossbowman (upgrade) |
| 20:52 | Build | University |
| 20:56 | Queue | Villager (Male) |
| 21:16 | Queue | Archer |
| 21:18 | Research | Bodkin Arrow |
| 21:18 | Research | Bodkin Arrow |
| 21:22 | Queue | Villager (Male) |
| 21:32 | Build | House |
| 21:46 | Queue | Archer |
| 21:47 | Queue | Archer |
| 21:50 | Queue | Villager (Male) |
| 21:55 | Queue | Archer |
| 21:55 | Queue | Archer |
| 22:03 | Queue | Villager (Male) |
| 22:04 | Queue | Archer |
| 22:04 | Queue | Archer |
| 22:25 | Queue | Villager (Male) |
| 22:27 | Build | House |
| 22:31 | Queue | Archer |
Match timeline
| 5:21 | xlalox corona · first_building Barracks |
| 5:46 | xlalox corona · wall_segment Palisade Wall x1 |
| 6:15 | theanswer5 · first_building Barracks |
| 6:52 | xlalox corona · wall_segment Palisade Wall x8 |
| 7:53 | theanswer5 · wall_segment Palisade Wall x6 |
| 10:59 | theanswer5 · age_up feudal |
| 11:11 | xlalox corona · wall_segment Palisade Wall x7 |
| 12:17 | theanswer5 · wall_segment Palisade Wall x1 |
| 12:20 | theanswer5 · wall_segment Palisade Wall x1 |
| 12:22 | theanswer5 · wall_segment Palisade Wall x1 |
| 13:20 | xlalox corona · age_up feudal |
| 13:23 | xlalox corona · wall_segment Palisade Wall x1 |
| 13:26 | xlalox corona · wall_segment Palisade Wall x1 |
| 14:00 | theanswer5 · first_building Archery Range |
| 14:04 | xlalox corona · wall_segment Palisade Wall x1 |
| 14:05 | xlalox corona · wall_segment Palisade Wall x1 |
| 14:09 | xlalox corona · wall_segment Palisade Wall x1 |
| 14:55 | theanswer5 · wall_segment Palisade Wall x1 |
| 14:57 | theanswer5 · wall_segment Palisade Wall x1 |
| 15:41 | xlalox corona · first_building Archery Range |
| 15:49 | xlalox corona · wall_segment Palisade Wall x1 |
| 17:07 | theanswer5 · wall_segment Palisade Wall x3 |
| 18:20 | theanswer5 · wall_segment Palisade Wall x3 |
| 18:22 | theanswer5 · wall_segment Palisade Wall x5 |
| 19:23 | theanswer5 · wall_segment Palisade Wall x4 |
| 19:26 | theanswer5 · wall_segment Palisade Wall x5 |
| 20:35 | xlalox corona · age_up castle |
| 23:28 | xlalox corona · first_building Siege Workshop |
| 23:51 | theanswer5 · age_up castle |
| 24:26 | theanswer5 · first_building Siege Workshop |
| 25:30 | xlalox corona · first_market_sell 100 food |
| 26:45 | theanswer5 · first_market_buy 100 stone |
| 28:09 | theanswer5 · resign |
[ AI ANALYSIS · 1 CREDIT ]
What really happened in this match?
Wolo.gg analyzes every decision: build order, eco, micro, common mistakes by bracket. Personalized analysis on WhatsApp or Discord in 30 seconds.
Civ guide
Celts
Perfil
Jugador #16931029